[Event "EYCC Open-U18 2019"]
[Site "Bratislava"]
[Date "2019.08.02"]
[Round "1.21"]
[White "Gorshtein, Ido"]
[Black "Pobor, Danilo"]
[Result "1-0"]
[ECO "D45"]
[WhiteElo "2367"]
[BlackElo "1996"]
[Annotator "NA"]
[PlyCount "131"]
[EventDate "2019.08.02"]
[EventType "swiss"]
[EventCountry "SVK"]
[SourceTitle "playchess.com"]
[Source "ChessBase"]
[SourceQuality "1"]
[TimeControl "40/5400+30:1800+30"]

1. d4 d5 2. c4 e6 3. Nc3 c6 4. e3 Nf6 5. Nf3 Bd6 6. b3 O-O 7. Be2 b6 8. Bb2 Bb7 9. Qc2 c5 10. dxc5 Bxc5 11. Rd1 Qe7 12. cxd5 Nxd5 13. O-O Nd7 14. Ne4 Rfc8 15. Nxc5 Qxc5 16. Qd2 N7f6 17. Rc1 Qe7 18. Qd4 Rxc1 19. Rxc1 Rd8 20. Qe5 Qf8 21. Nd4 a6 22. h3 Rc8 23. Rd1 Nd7 24. Qg3 N7f6 25. Bd3 Nc3 26. Ra1 Be4 27. Bxa6 Ra8 28. Bxc3 Rxa6 29. a4 Nd5 30. Bb2 Ra8 31. Rc1 Bg6 32. Kh2 Rc8 33. Ba3 Qe8 34. Rxc8 Qxc8 35. Bd6 f6 36. Qf3 Qd7 37. Ba3 e5 38. Nb5 Qe6 39. Qe2 e4 40. Nd4 Qe5+ 41. Kg1 h5 42. Qc4 Kh7 43. Qc6 h4 44. Bd6 Qh5 45. Kh2 Be8 46. Qc8 Bg6 47. b4 Qd1 48. Qd7 Kg8 49. Qd8+ Kh7 50. Qf8 Qxa4 51. b5 Qa7 52. Qc8 Qf7 53. Qg4 Qe8 54. Qxh4+ Kg8 55. Qg4 Nc3 56. Nc6 f5 57. Qg5 Qe6 58. Qd8+ Kh7 59. Nd4 Qa2 60. Be5 Qd5 61. Qc7 Bf7 62. Bxg7 Nxb5 63. Nxb5 Kxg7 64. Qxb6 Qe5+ 65. g3 Qb2 66. Qd4+ 1-0

[Event "EYCC Open-U18 2019"]
[Site "Bratislava"]
[Date "2019.08.02"]
[Round "1.22"]
[White "Anghelus, Alin-Gabriel"]
[Black "Kaasen, Tor Fredrik"]
[Result "0-1"]
[ECO "A48"]
[WhiteElo "2107"]
[BlackElo "2376"]
[Annotator "NA"]
[PlyCount "74"]
[EventDate "2019.08.02"]
[EventType "swiss"]
[EventCountry "SVK"]
[SourceTitle "playchess.com"]
[Source "ChessBase"]
[SourceQuality "1"]
[TimeControl "40/5400+30:1800+30"]

1. d4 Nf6 2. Nf3 g6 3. Bg5 Bg7 4. Nbd2 O-O 5. c3 d6 6. e4 c5 7. dxc5 dxc5 8. Be2 Nc6 9. O-O Qc7 10. h3 b6 11. Re1 Bb7 12. Qc2 Rfd8 13. a4 h6 14. Be3 Nh5 15. Nc4 Nf4 16. Bf1 Ne6 17. Qb3 Rab8 18. g3 Ba6 19. Nfd2 g5 20. Be2 Ncd4 21. cxd4 cxd4 22. Rac1 Nc5 23. Qa3 dxe3 24. Qxe3 Qd7 25. e5 Qxa4 26. Ra1 Qb4 27. f4 b5 28. Na5 gxf4 29. gxf4 Qxd2 30. Qxc5 Qxf4 31. Nc6 Qg3+ 32. Kf1 Bb7 33. Ra3 Qh2 34. Nxe7+ Kh8 35. Qf2 Qh1+ 36. Qg1 Qxg1+ 37. Kxg1 Bf8 0-1

[Event "EYCC Open-U18 2019"]
[Site "Bratislava"]
[Date "2019.08.02"]
[Round "1.23"]
[White "Gatineau, Yovann"]
[Black "Nordquelle, Daniel"]
[Result "1-0"]
[ECO "D00"]
[WhiteElo "2364"]
[BlackElo "2181"]
[Annotator "NA"]
[PlyCount "53"]
[EventDate "2019.08.02"]
[EventType "swiss"]
[EventCountry "SVK"]
[SourceTitle "playchess.com"]
[Source "ChessBase"]
[SourceQuality "1"]
[TimeControl "40/5400+30:1800+30"]

1. d4 d5 2. Bf4 Nf6 3. e3 e6 4. Nf3 c5 5. Nbd2 Nc6 6. c3 Bd6 7. Bg3 O-O 8. Bd3 b6 9. e4 dxe4 10. Nxe4 Nxe4 11. Bxe4 Bb7 12. Qa4 Na5 13. dxc5 Bxc5 14. Rd1 Qc8 15. O-O Be7 16. Ne5 Bxe4 17. Qxe4 Nb7 18. Nc6 Bf6 19. Be5 Qe8 20. Bxf6 gxf6 21. Nd4 Nc5 22. Qh4 Qe7 23. Rfe1 Rad8 24. Re3 Rd5 25. Rh3 h5 26. c4 Rg5 27. f4 1-0

[Event "EYCC Open-U18 2019"]
[Site "Bratislava"]
[Date "2019.08.02"]
[Round "1.24"]
[White "Sousa, Hugo Carneiro"]
[Black "Baenziger, Fabian"]
[Result "0-1"]
[ECO "B23"]
[WhiteElo "2130"]
[BlackElo "2352"]
[Annotator "NA"]
[PlyCount "62"]
[EventDate "2019.08.02"]
[EventType "swiss"]
[EventCountry "SVK"]
[SourceTitle "playchess.com"]
[Source "ChessBase"]
[SourceQuality "1"]
[TimeControl "40/5400+30:1800+30"]

1. e4 c5 2. Nc3 d6 3. f4 g6 4. Nf3 Bg7 5. Bb5+ Bd7 6. Bc4 Nc6 7. O-O Nd4 8. Nxd4 cxd4 9. Ne2 d5 10. Bxd5 Nf6 11. Bxb7 Rb8 12. Ba6 Nxe4 13. d3 Nd6 14. b3 h5 15. Bd2 h4 16. Qe1 h3 17. Ba5 Rb6 18. Bc4 Qa8 19. Qf2 Qxg2+ 20. Qxg2 hxg2 21. Rf2 Nxc4 22. dxc4 Re6 23. Rd1 Rh5 24. Bb4 a5 25. Ba3 Bc6 26. Ng3 Rh3 27. Re2 Rxe2 28. Nxe2 Re3 29. Ng3 d3 30. Bc5 dxc2 31. Rc1 Rd3 0-1

[Event "EYCC Open-U18 2019"]
[Site "Bratislava"]
[Date "2019.08.02"]
[Round "1.25"]
[White "Stijve, Theo"]
[Black "Easwaralingam, Adesh"]
[Result "1-0"]
[ECO "B49"]
[WhiteElo "2336"]
[BlackElo "2113"]
[Annotator "NA"]
[PlyCount "119"]
[EventDate "2019.08.02"]
[EventType "swiss"]
[EventCountry "SVK"]
[SourceTitle "playchess.com"]
[Source "ChessBase"]
[SourceQuality "1"]
[TimeControl "40/5400+30:1800+30"]

1. e4 c5 2. Nc3 e6 3. Nf3 Nc6 4. d4 cxd4 5. Nxd4 Qc7 6. Be3 a6 7. Be2 Nf6 8. O-O Be7 9. f4 d6 10. Kh1 O-O 11. Qe1 Nxd4 12. Bxd4 b5 13. Qg3 b4 14. e5 Ne8 15. exd6 Bxd6 16. Ne4 Be7 17. Rad1 Bd7 18. Be5 Qb7 19. Nd6 Bxd6 20. Rxd6 f6 21. Bf3 Qb5 22. Rdd1 Rc8 23. Bd4 Nd6 24. Bg1 Nf5 25. Qf2 Bc6 26. Rfe1 Bxf3 27. Qxf3 Qc6 28. Qb3 Rfe8 29. Rd2 a5 30. a4 Kf7 31. Red1 Re7 32. Qh3 h6 33. b3 g6 34. Qd3 h5 35. Bf2 Qb7 36. Kg1 Rec7 37. Qd7+ Ne7 38. Qd3 Nd5 39. Qe4 Nc3 40. Qxb7 Rxb7 41. Rd7+ Rxd7 42. Rxd7+ Ke8 43. Rd2 Rc6 44. Bh4 Ke7 45. h3 Nd5 46. f5 gxf5 47. Kf2 Nc3 48. Ke3 Nb1 49. Rd1 Rc3+ 50. Kf4 e5+ 51. Kxf5 Na3 52. Bxf6+ Kf7 53. Bxe5 Rxc2 54. Rd7+ Ke8 55. Ke6 Re2 56. Re7+ Kd8 57. Rh7 Kc8 58. Rc7+ Kd8 59. Rc5 Rxg2 60. Bf6+ 1-0

[Event "EYCC Open-U18 2019"]
[Site "Bratislava"]
[Date "2019.08.02"]
[Round "1.26"]
[White "Bulockin, Martin"]
[Black "Fus, Jakub"]
[Result "0-1"]
[ECO "C68"]
[WhiteElo "2210"]
[BlackElo "2341"]
[Annotator "NA"]
[PlyCount "82"]
[EventDate "2019.08.02"]
[EventType "swiss"]
[EventCountry "SVK"]
[SourceTitle "playchess.com"]
[Source "ChessBase"]
[SourceQuality "1"]
[TimeControl "40/5400+30:1800+30"]

1. e4 e5 2. Nf3 Nc6 3. Bb5 a6 4. Bxc6 dxc6 5. d4 exd4 6. Qxd4 Qxd4 7. Nxd4 c5 8. Nb3 Bd6 9. Be3 b6 10. Nc3 Ne7 11. O-O-O Be6 12. f4 f6 13. g3 O-O-O 14. Rde1 Nc6 15. Rhf1 h5 16. Nd2 Bh3 17. Rg1 Bg4 18. Nd1 Nd4 19. Bxd4 cxd4 20. Nf2 Be6 21. Nd3 Rde8 22. Nf3 c5 23. e5 fxe5 24. fxe5 Be7 25. Nf4 Bd8 26. h4 Bg4 27. Ng5 Bxg5 28. hxg5 Rhf8 29. Rgf1 Rf5 30. g6 Rfxe5 31. Rxe5 Rxe5 32. Nd3 Rf5 33. Re1 Rf6 34. Ne5 Re6 35. Kd2 Bf5 36. b4 cxb4 37. Nf3 Rxe1 38. Kxe1 Bxc2 39. Nxd4 Bxg6 40. Nc6 Bf7 41. Nxb4 a5 0-1

[Event "EYCC Open-U18 2019"]
[Site "Bratislava"]
[Date "2019.08.02"]
[Round "1.27"]
[White "Chylewski, Patryk"]
[Black "Triantos, Konstantinos"]
[Result "1-0"]
[ECO "E06"]
[WhiteElo "2376"]
[BlackElo "2129"]
[Annotator "NA"]
[PlyCount "77"]
[EventDate "2019.08.02"]
[EventType "swiss"]
[EventCountry "SVK"]
[SourceTitle "playchess.com"]
[Source "ChessBase"]
[SourceQuality "1"]
[TimeControl "40/5400+30:1800+30"]

1. d4 Nf6 2. c4 e6 3. g3 d5 4. Nf3 Be7 5. Bg2 O-O 6. O-O c6 7. Nc3 b6 8. Ne5 Bb7 9. e4 dxc4 10. Nxc4 b5 11. Ne3 b4 12. Ne2 Nbd7 13. b3 a5 14. Bb2 a4 15. Rc1 Qb8 16. f4 Rd8 17. e5 Nd5 18. Nxd5 cxd5 19. f5 exf5 20. Rxf5 axb3 21. axb3 Ra2 22. Rc2 Rc8 23. Rd2 g6 24. Rf1 Bg5 25. Nf4 Nf8 26. Qb1 Qa7 27. Rdf2 Ra5 28. Kh1 Rc7 29. h4 Bxf4 30. gxf4 Bc8 31. f5 Bxf5 32. Rxf5 gxf5 33. Qxf5 Ra2 34. Qg5+ Ng6 35. Qd8+ Kg7 36. Qf6+ Kg8 37. h5 Rxb2 38. h6 Kf8 39. Qd8# 1-0

[Event "EYCC Open-U18 2019"]
[Site "Bratislava"]
[Date "2019.08.02"]
[Round "1.28"]
[White "Alivodic, Dario"]
[Black "Pantzar, Milton"]
[Result "0-1"]
[ECO "D16"]
[WhiteElo "2120"]
[BlackElo "2357"]
[Annotator "NA"]
[PlyCount "92"]
[EventDate "2019.08.02"]
[EventType "swiss"]
[EventCountry "SVK"]
[SourceTitle "playchess.com"]
[Source "ChessBase"]
[SourceQuality "1"]
[TimeControl "40/5400+30:1800+30"]

1. d4 d5 2. c4 c6 3. Nc3 Nf6 4. Nf3 dxc4 5. a4 a5 6. e4 Bg4 7. Bxc4 e6 8. e5 Nd5 9. Nxd5 cxd5 10. Bb5+ Nc6 11. O-O Be7 12. b3 O-O 13. Bxc6 bxc6 14. Ba3 Bxa3 15. Rxa3 Rb8 16. Qd3 Rb4 17. Rc1 Bxf3 18. Qxf3 Qb6 19. g3 Qxd4 20. Qc3 Qb6 21. Qxc6 Rxb3 22. Qxb6 Rxb6 23. Rc5 Ra8 24. Rac3 g5 25. f4 Rb4 26. f5 Rxa4 27. fxe6 fxe6 28. Rc7 Rc4 29. R7xc4 dxc4 30. Rxc4 a4 31. Rc2 a3 32. Ra2 g4 33. Kf1 Kg7 34. Ke1 Kg6 35. Kd1 Kf5 36. Kc1 Kxe5 37. Kb1 Kd4 38. Rd2+ Ke3 39. Rd7 h5 40. Ka2 Kf3 41. Rd6 Kg2 42. Rxe6 Kxh2 43. Re5 h4 44. gxh4 g3 45. Rc5 g2 46. Rc2 Kh1 0-1

[Event "EYCC Open-U18 2019"]
[Site "Bratislava"]
[Date "2019.08.02"]
[Round "1.29"]
[White "Parkhov, Yair"]
[Black "Kukas, Oliver"]
[Result "0-1"]
[ECO "A56"]
[WhiteElo "2354"]
[BlackElo "2082"]
[Annotator "NA"]
[PlyCount "89"]
[EventDate "2019.08.02"]
[EventType "swiss"]
[EventCountry "SVK"]
[SourceTitle "playchess.com"]
[Source "ChessBase"]
[SourceQuality "1"]
[TimeControl "40/5400+30:1800+30"]

1. d4 Nf6 2. c4 c5 3. d5 e5 4. Nc3 d6 5. g3 Be7 6. Bg2 Nbd7 7. e4 Nf8 8. h4 h6 9. Bh3 Ng6 10. h5 Nf8 11. f4 Bxh3 12. Nxh3 N6d7 13. Be3 Bf6 14. Qd2 Qa5 15. Rc1 Nh7 16. O-O O-O 17. f5 a6 18. b3 b5 19. Nd1 Qxd2 20. Bxd2 Bg5 21. Nxg5 Nxg5 22. Bxg5 hxg5 23. Nf2 Nf6 24. g4 Rfb8 25. Kg2 a5 26. Rc2 a4 27. Rh1 axb3 28. axb3 Ra3 29. Rh3 bxc4 30. bxc4 Rxh3 31. Kxh3 Rb3+ 32. Kg2 Re3 33. Rc1 Nxe4 34. Nxe4 Rxe4 35. Kf3 Rf4+ 36. Kg3 Kf8 37. Rc2 Ke7 38. Rc1 Kf6 39. Rc2 e4 40. Rc3 Ke5 41. Ra3 Kd4 42. Ra7 e3 43. Rxf7 Re4 44. Rb7 e2 45. Rb1 0-1

[Event "EYCC Open-U18 2019"]
[Site "Bratislava"]
[Date "2019.08.02"]
[Round "1.30"]
[White "Toquero Gracia, Pau"]
[Black "Kozak, Antoni"]
[Result "1/2-1/2"]
[ECO "B40"]
[WhiteElo "2080"]
[BlackElo "2365"]
[Annotator "NA"]
[PlyCount "120"]
[EventDate "2019.08.02"]
[EventType "swiss"]
[EventCountry "SVK"]
[SourceTitle "playchess.com"]
[Source "ChessBase"]
[SourceQuality "1"]
[TimeControl "40/5400+30:1800+30"]

1. e4 c5 2. Nf3 e6 3. c3 d5 4. exd5 Qxd5 5. d4 Nc6 6. Be2 Nf6 7. O-O cxd4 8. cxd4 Be7 9. Nc3 Qa5 10. Qb3 O-O 11. Bf4 Qb4 12. Qxb4 Nxb4 13. a3 Nbd5 14. Bg5 Nxc3 15. bxc3 b6 16. Ne5 Bb7 17. Nd7 Rfc8 18. Nxf6+ Bxf6 19. Bd2 Bd5 20. Rac1 Bc4 21. Bf3 Bxf1 22. Bxa8 Bd3 23. Bb7 Rd8 24. Re1 Bb5 25. Bf4 Be7 26. Ra1 Bc4 27. a4 g5 28. Be3 Rd7 29. Bf3 h6 30. g3 Rc7 31. a5 bxa5 32. Rxa5 a6 33. h4 gxh4 34. Bxh6 Bb5 35. Bd2 hxg3 36. fxg3 Ra7 37. Kf2 Bd8 38. Ra1 a5 39. Be2 Bc6 40. Bf3 Bb5 41. Be2 Bd7 42. c4 a4 43. Bf3 Bc7 44. c5 Bb5 45. c6 Bd6 46. Bf4 Bxf4 47. gxf4 Kf8 48. Rc1 Ba6 49. d5 Ke7 50. Ke3 Kd6 51. Kd4 Bb5 52. dxe6 fxe6 53. c7 Rxc7 54. Rxc7 Kxc7 55. Kc3 Bc6 56. Bg4 Bd5 57. Kb2 Kd6 58. Ka1 e5 59. fxe5+ Kxe5 60. Bd1 Bb3 1/2-1/2

[Event "EYCC Open-U18 2019"]
[Site "Bratislava"]
[Date "2019.08.02"]
[Round "1.31"]
[White "Maksimovic, Bojan"]
[Black "Pektas, Yigit"]
[Result "1-0"]
[ECO "B19"]
[WhiteElo "2326"]
[BlackElo "2111"]
[Annotator "NA"]
[PlyCount "95"]
[EventDate "2019.08.02"]
[EventType "swiss"]
[EventCountry "SVK"]
[SourceTitle "playchess.com"]
[Source "ChessBase"]
[SourceQuality "1"]
[TimeControl "40/5400+30:1800+30"]

1. e4 c6 2. d4 d5 3. Nc3 dxe4 4. Nxe4 Bf5 5. Ng3 Bg6 6. Nf3 Nd7 7. h4 h6 8. h5 Bh7 9. Bd3 Bxd3 10. Qxd3 e6 11. Bd2 Ngf6 12. O-O-O Be7 13. Kb1 O-O 14. Ne4 Nxe4 15. Qxe4 Nf6 16. Qe2 Qd5 17. Be3 b5 18. Ne5 Bd6 19. Ng4 Nxg4 20. Qxg4 f5 21. Qe2 f4 22. Bc1 Rae8 23. Qg4 Rf5 24. g3 Qg2 25. Rhg1 Qd5 26. Qg6 Re7 27. g4 Rf6 28. Qd3 e5 29. dxe5 Qxe5 30. f3 Bc5 31. Rgf1 Rd6 32. Qb3+ Kh8 33. c4 b4 34. Rxd6 Qxd6 35. Rd1 Bd4 36. c5 Qxc5 37. Bxf4 Re2 38. Bc1 Bf6 39. f4 Qe7 40. Qd3 c5 41. g5 Bd4 42. g6 Kg8 43. Qc4+ Kf8 44. f5 Ke8 45. Rxd4 cxd4 46. f6 Qe4+ 47. Ka1 Rc2 48. fxg7 1-0

[Event "EYCC Open-U18 2019"]
[Site "Bratislava"]
[Date "2019.08.02"]
[Round "1.32"]
[White "Polczyk, Mikolaj"]
[Black "Ludvik, Tomas"]
[Result "1/2-1/2"]
[ECO "D10"]
[WhiteElo "2111"]
[BlackElo "2334"]
[Annotator "NA"]
[PlyCount "89"]
[EventDate "2019.08.02"]
[EventType "swiss"]
[EventCountry "SVK"]
[SourceTitle "playchess.com"]
[Source "ChessBase"]
[SourceQuality "1"]
[TimeControl "40/5400+30:1800+30"]

1. d4 d5 2. c4 c6 3. cxd5 cxd5 4. Nf3 Nf6 5. Nc3 Nc6 6. Bf4 a6 7. Rc1 Bf5 8. e3 Rc8 9. Be2 e6 10. O-O Bd6 11. Bxd6 Qxd6 12. Na4 O-O 13. Nc5 Rc7 14. Qb3 Qe7 15. Qb6 Rfc8 16. Rc3 e5 17. dxe5 Nxe5 18. Nxe5 Rxc5 19. Rxc5 Rxc5 20. Nf3 Rc6 21. Qa7 Rc7 22. Nd4 Be6 23. Bd3 g6 24. Ne2 Qb4 25. Qd4 Qxd4 26. Nxd4 Kf8 27. Rd1 Ke7 28. Kf1 Nd7 29. h3 Ne5 30. Ke2 f6 31. b3 Bf7 32. Bb1 a5 33. Kd2 Rc5 34. Rc1 Kd6 35. a4 Rxc1 36. Kxc1 Kc5 37. Kb2 Nc6 38. Kc3 Nxd4 39. exd4+ Kd6 40. b4 b6 41. b5 h6 42. Kd2 g5 43. Ke3 Bh5 44. f3 Ke6 45. g4 {[%emt 0:00:39] Ke5 Ke4+} 1/2-1/2

[Event "EYCC Open-U18 2019"]
[Site "Bratislava"]
[Date "2019.08.02"]
[Round "1.33"]
[White "Storme, Isak"]
[Black "Horak, Jan"]
[Result "1/2-1/2"]
[ECO "A65"]
[WhiteElo "2330"]
[BlackElo "2020"]
[Annotator "NA"]
[PlyCount "91"]
[EventDate "2019.08.02"]
[EventType "swiss"]
[EventCountry "SVK"]
[SourceTitle "playchess.com"]
[Source "ChessBase"]
[SourceQuality "1"]
[TimeControl "40/5400+30:1800+30"]

1. d4 Nf6 2. c4 c5 3. d5 e6 4. Nc3 exd5 5. cxd5 d6 6. e4 g6 7. Nge2 Bg7 8. Ng3 O-O 9. Be2 a6 10. a4 b6 11. O-O Re8 12. Bg5 Qc7 13. Qd2 Nbd7 14. Bh6 Bh8 15. f4 c4 16. Bf3 Rb8 17. Kh1 Nc5 18. Rad1 Ng4 19. Bg5 b5 20. axb5 axb5 21. e5 Nb3 22. Qe2 Nf6 23. Bxf6 Bxf6 24. Nce4 Bg7 25. Nxd6 Qxd6 26. exd6 Rxe2 27. Bxe2 Bxb2 28. Rde1 Bd7 29. Bd1 Nd4 30. Rf2 c3 31. Ne4 Kg7 32. Nc5 Rd8 33. Nd3 Ba3 34. Re4 Nf5 35. Bb3 Nxd6 36. Re1 Bf5 37. Ne5 Ne4 38. Ra2 Bc5 39. Nd3 Bd4 40. Rae2 Nd2 41. Bc2 Bxd3 42. Bxd3 Rxd5 43. Bc2 b4 44. Rd1 b3 45. Rexd2 cxd2 46. Bxb3 1/2-1/2

[Event "EYCC Open-U18 2019"]
[Site "Bratislava"]
[Date "2019.08.02"]
[Round "1.34"]
[White "Varga, Lukas"]
[Black "Guerra Rivera, Salvador"]
[Result "0-1"]
[ECO "C41"]
[WhiteElo "2046"]
[BlackElo "2355"]
[Annotator "NA"]
[PlyCount "56"]
[EventDate "2019.08.02"]
[EventType "swiss"]
[EventCountry "SVK"]
[SourceTitle "playchess.com"]
[Source "ChessBase"]
[SourceQuality "1"]
[TimeControl "40/5400+30:1800+30"]

1. e4 e5 2. Nf3 d6 3. d4 exd4 4. Nxd4 Nf6 5. Nc3 Be7 6. Bf4 O-O 7. Qf3 Re8 8. h3 Bf8 9. O-O-O Nbd7 10. g4 Ne5 11. Qg2 Bd7 12. Bg5 h6 13. Bh4 Ng6 14. Bg3 c6 15. Nf5 d5 16. exd5 Qa5 17. Bc4 Rac8 18. Ne3 Bb4 19. dxc6 Bxc6 20. Ncd5 Ne4 21. Rd4 Nd2 22. f3 Nxc4 23. Nxc4 Qc5 24. Nxb4 Qxd4 25. Nxc6 Qxc4 26. Na5 Qxa2 27. Nxb7 Qa1+ 28. Kd2 Qxb2 0-1

[Event "EYCC Open-U18 2019"]
[Site "Bratislava"]
[Date "2019.08.02"]
[Round "1.35"]
[White "Garayev, Kanan"]
[Black "Joensson, Jacob"]
[Result "1-0"]
[ECO "E06"]
[WhiteElo "2351"]
[BlackElo "1981"]
[Annotator "NA"]
[PlyCount "104"]
[EventDate "2019.08.02"]
[EventType "swiss"]
[EventCountry "SVK"]
[SourceTitle "playchess.com"]
[Source "ChessBase"]
[SourceQuality "1"]
[TimeControl "40/5400+30:1800+30"]

1. d4 Nf6 2. c4 e6 3. Nf3 d5 4. g3 Be7 5. Bg2 O-O 6. O-O c6 7. Nc3 Nbd7 8. Nd2 b6 9. e4 Bb7 10. e5 Ne8 11. cxd5 cxd5 12. a4 Nc7 13. f4 Ba6 14. Rf2 b5 15. axb5 Bxb5 16. f5 exf5 17. Nxd5 Nxd5 18. Bxd5 Rb8 19. Nf1 Nb6 20. Bb3 Bc4 21. Bc2 f6 22. Ne3 fxe5 23. Bxf5 Kh8 24. Rxa7 Bg5 25. Qg4 Ra8 26. Nxc4 Rxa7 27. Bxg5 Ra1+ 28. Kg2 Qd5+ 29. Kh3 Qxc4 30. Be7 Rfa8 31. Qh5 Qg8 32. dxe5 Nd5 33. Qh4 Nxe7 34. Qxe7 Qe8 35. Qxe8+ Rxe8 36. Bd7 Rb8 37. Re2 Ra7 38. e6 Kg8 39. b4 Rd8 40. b5 Rdxd7 41. exd7 Rxd7 42. b6 Rb7 43. Rb2 Kf7 44. Kg4 Ke6 45. Rb5 Kf6 46. Kf4 Ke6 47. Ke4 Kd6 48. Kd4 Kc6 49. Kc4 g6 50. Rc5+ Kd6 51. Kb5 Rb8 52. Rc7 Kd5 1-0

[Event "EYCC Open-U18 2019"]
[Site "Bratislava"]
[Date "2019.08.02"]
[Round "1.36"]
[White "Rodriguez Izquierdo, Luis"]
[Black "Tisaj, Domen"]
[Result "1-0"]
[ECO "B32"]
[WhiteElo "2007"]
[BlackElo "2232"]
[Annotator "NA"]
[PlyCount "59"]
[EventDate "2019.08.02"]
[EventType "swiss"]
[EventCountry "SVK"]
[SourceTitle "playchess.com"]
[Source "ChessBase"]
[SourceQuality "1"]
[TimeControl "40/5400+30:1800+30"]

1. e4 c5 2. Nf3 Nc6 3. d4 cxd4 4. Nxd4 e5 5. Nb5 d6 6. N1c3 a6 7. Na3 Be7 8. Nc4 b5 9. Ne3 Nf6 10. g3 O-O 11. Bg2 b4 12. Ncd5 Nxd5 13. Nxd5 Bg5 14. Bxg5 Qxg5 15. O-O Rb8 16. f4 Qd8 17. f5 h6 18. f6 g6 19. a3 Kh7 20. g4 Qd7 21. Qd2 b3 22. Rf3 Qa7+ 23. Kh1 Qd4 24. Qc1 Bxg4 25. c3 Qa7 26. Rg3 Bh5 27. Ne3 Qd7 28. Nf5 g5 29. Rxg5 Qc8 30. Rg3 1-0

[Event "EYCC Open-U18 2019"]
[Site "Bratislava"]
[Date "2019.08.02"]
[Round "1.37"]
[White "Leisch, Lukas"]
[Black "Gray, Euan"]
[Result "1-0"]
[ECO "A28"]
[WhiteElo "2327"]
[BlackElo "2004"]
[Annotator "NA"]
[PlyCount "91"]
[EventDate "2019.08.02"]
[EventType "swiss"]
[EventCountry "SVK"]
[SourceTitle "playchess.com"]
[Source "ChessBase"]
[SourceQuality "1"]
[TimeControl "40/5400+30:1800+30"]

1. c4 e5 2. Nc3 Nf6 3. Nf3 Nc6 4. e3 Bb4 5. Qc2 a5 6. Nd5 Bc5 7. a3 d6 8. b3 Be6 9. Nxf6+ Qxf6 10. Bb2 O-O 11. Bd3 h6 12. Be4 Bd7 13. O-O Bb6 14. Rad1 Bg4 15. Qc3 Qe7 16. Rde1 f5 17. Bd5+ Kh7 18. c5 Bxc5 19. d4 Bxf3 20. Bxf3 e4 21. Bd1 Bb6 22. f4 d5 23. Kh1 Nd8 24. g4 g6 25. Rg1 Ne6 26. Rg3 Rg8 27. Reg1 Qf7 28. Qd2 fxg4 29. Bxg4 Ng7 30. Rh3 Nf5 31. Bc3 c6 32. Qg2 Bc7 33. Be1 Bd8 34. Rh5 Nxe3 35. Rxh6+ Kxh6 36. Qh3+ Kg7 37. Be6 Qe8 38. f5 g5 39. Qxe3 Qe7 40. Bh4 Kf8 41. Bxg8 Kxg8 42. Bxg5 Qh7 43. Bxd8+ Kf7 44. Qg5 Ke8 45. Bf6 Kf7 46. Be5 1-0

[Event "EYCC Open-U18 2019"]
[Site "Bratislava"]
[Date "2019.08.02"]
[Round "1.38"]
[White "Johannsson, Birkir Isak"]
[Black "Ciorgovean, Iustin"]
[Result "0-1"]
[ECO "A05"]
[WhiteElo "1988"]
[BlackElo "2330"]
[Annotator "NA"]
[PlyCount "84"]
[EventDate "2019.08.02"]
[EventType "swiss"]
[EventCountry "SVK"]
[SourceTitle "playchess.com"]
[Source "ChessBase"]
[SourceQuality "1"]
[TimeControl "40/5400+30:1800+30"]

1. Nf3 Nf6 2. c4 g6 3. Nc3 Bg7 4. e4 d6 5. d4 O-O 6. h3 Na6 7. Bg5 Qe8 8. a3 e5 9. dxe5 dxe5 10. b4 c6 11. Qd6 Be6 12. Rd1 Rd8 13. Qxd8 Qxd8 14. Rxd8 Rxd8 15. Be2 Ra8 16. O-O Nd7 17. Be3 f6 18. Nd2 Bf8 19. Nb3 b6 20. Rb1 Nc7 21. Kf1 Ne8 22. Nd2 h5 23. a4 a5 24. b5 c5 25. Nd5 Kh7 26. Ke1 Bh6 27. Nf1 Bxd5 28. cxd5 Nd6 29. Bd3 Rf8 30. g4 hxg4 31. hxg4 Rd8 32. Ke2 Nf8 33. Ng3 Bxe3 34. fxe3 Kg7 35. g5 fxg5 36. Rg1 Nd7 37. Nh1 Nf6 38. Rxg5 Ndxe4 39. Rxe5 Nc3+ 40. Kf3 Rxd5 41. Re7+ Kf8 42. Re6 Kf7 0-1

[Event "EYCC Open-U18 2019"]
[Site "Bratislava"]
[Date "2019.08.02"]
[Round "1.39"]
[White "Iliaguev, Nisim"]
[Black "Cordeiro, Joao Carlos Santos F"]
[Result "1-0"]
[ECO "A14"]
[WhiteElo "2357"]
[BlackElo "1924"]
[Annotator "NA"]
[PlyCount "59"]
[EventDate "2019.08.02"]
[EventType "swiss"]
[EventCountry "SVK"]
[SourceTitle "playchess.com"]
[Source "ChessBase"]
[SourceQuality "1"]
[TimeControl "40/5400+30:1800+30"]

1. c4 Nf6 2. g3 e6 3. Bg2 d5 4. Nf3 Be7 5. O-O O-O 6. d4 dxc4 7. Ne5 c5 8. dxc5 Qc7 9. Nxc4 Bxc5 10. Nba3 Bxa3 11. Nxa3 Bd7 12. Bf4 e5 13. Rc1 Bc6 14. Bg5 Qe7 15. e4 h6 16. Be3 Na6 17. f3 Rfd8 18. Qe2 Nc7 19. Qf2 Nb5 20. Nc4 Qe6 21. b3 Be8 22. Rfd1 b6 23. Qb2 Nd7 24. a4 Nc7 25. Nd6 Nc5 26. Bxc5 bxc5 27. Nf5 Na6 28. Bf1 Rxd1 29. Rxd1 g6 30. Rd6 1-0

[Event "EYCC Open-U18 2019"]
[Site "Bratislava"]
[Date "2019.08.02"]
[Round "1.40"]
[White "Ihnat, Marek"]
[Black "Oboladze, Luka"]
[Result "0-1"]
[ECO "B43"]
[WhiteElo "1946"]
[BlackElo "2323"]
[Annotator "NA"]
[PlyCount "78"]
[EventDate "2019.08.02"]
[EventType "swiss"]
[EventCountry "SVK"]
[SourceTitle "playchess.com"]
[Source "ChessBase"]
[SourceQuality "1"]
[TimeControl "40/5400+30:1800+30"]

1. e4 c5 2. Nc3 e6 3. Nf3 a6 4. d4 cxd4 5. Nxd4 Qc7 6. Bd3 Nf6 7. O-O Nc6 8. Nxc6 dxc6 9. Kh1 e5 10. Be3 Ng4 11. Bg5 h6 12. Bh4 g5 13. Bg3 h5 14. Be2 Bc5 15. Bxg4 Bxg4 16. f3 Be6 17. Qd2 Be7 18. Bf2 Rd8 19. Qe2 b5 20. Rfd1 O-O 21. Be3 Rxd1+ 22. Rxd1 Rd8 23. Rxd8+ Qxd8 24. a3 a5 25. Kg1 Bc4 26. Qe1 Qd6 27. b3 Be6 28. a4 b4 29. Nd1 g4 30. Nf2 gxf3 31. gxf3 h4 32. Nd3 Bxb3 33. Bc5 Qg6+ 34. Kf2 Bxc2 35. Bxe7 Bxd3 36. Bxh4 Qd6 37. Qe3 Qd4 38. Bf6 c5 39. Be7 b3 0-1

[Event "EYCC Open-U18 2019"]
[Site "Bratislava"]
[Date "2019.08.03"]
[Round "2.1"]
[White "Guerra Rivera, Salvador"]
[Black "Hakobyan, Aram"]
[Result "0-1"]
[ECO "B24"]
[WhiteElo "2355"]
[BlackElo "2568"]
[Annotator "ChessBase"]
[PlyCount "80"]
[EventDate "2019.08.02"]
[EventType "swiss"]
[EventCountry "SVK"]
[SourceTitle "playchess.com"]
[Source "ChessBase"]
[SourceQuality "1"]
[TimeControl "40/5400+30:1800+30"]

1. e4 c5 2. Nc3 Nc6 3. Bb5 Nd4 4. Nf3 Nxb5 5. Nxb5 d6 6. d4 a6 7. Nc3 cxd4 8. Qxd4 e6 9. O-O Ne7 10. Be3 Nc6 11. Qd2 Be7 12. Nd4 Ne5 13. Qe2 Qc7 14. Rad1 b5 15. f4 Nc4 16. f5 b4 17. fxe6 fxe6 18. Na4 Bd7 19. b3 Nxe3 20. Qxe3 Bf6 21. Nb2 O-O 22. Nc4 Rae8 23. Qg3 Be7 24. Kh1 Qc5 25. Qd3 Rxf1+ 26. Rxf1 Bf6 27. Nf3 d5 28. Re1 Bc3 29. Re2 Rf8 30. a4 bxa3 31. Qxc3 dxc4 32. b4 Qd6 33. Rd2 Qc6 34. Qxa3 Qxe4 35. Qc1 Rxf3 36. gxf3 Qxf3+ 37. Kg1 Qe3+ 38. Kf1 e5 39. Qd1 Bh3+ 40. Rg2 h6 0-1